 Dungeon Crawl Stone Soup version 0.26-a0-597-gb535b0901c (webtiles) character file.

Game seed: 12829507760460827788

2466 Borgoz the Ruffian (level 9, -1/79 HPs)
             Began as a Ghoul Monk on Sept 15, 2020.
             Was a Believer of Ashenzari.
             Slain by a warg (4 damage)
             ... on level 8 of the Dungeon.
             The game lasted 00:10:54 (8769 turns).

Borgoz the Ruffian (Ghoul Monk)                     Turns: 8769, Time: 00:10:54

Health: -1/79      AC:  9    Str: 15 (18) XL:     9   Next: 51%
Magic:  8/8        EV: 11    Int:  2 (5)  God:    Ashenzari [**....]
Gold:   397        SH:  0    Dex:  8 (11) Spells: 8/8 levels left

rFire    . . .     SeeInvis .     - Unarmed
rCold    + . .     Faith    .   (no shield)
rNeg     + + +     Spirit   .   m - +0 scale mail
rPois    ∞         Reflect  .   (no helmet)
rElec    .         Harm     .   (no cloak)
rCorr    +                      (no gloves)
MR       .....                  n - +1 pair of boots
Stlth    ..........             (no amulet)
HPRegen  0.00/turn              u - ring of resist corrosion
MPRegen  0.11/turn              (no ring)

@: mighty
A: rotting body, claws 1, cold resistance 1, negative energy resistance 3,
inhibited regeneration, torment resistance, unbreathing
a: Curse Item, Scrying, Renounce Religion


You were on level 8 of the Dungeon.
You worshipped Ashenzari.
Ashenzari was pleased with you.
You visited 2 branches of the dungeon, and saw 10 of its levels.

You collected 397 gold pieces.

Inventory:

Hand Weapons
 t - the +0 scimitar of Beastly Purpose {drain, rElec rPois rF- Str+3}
   (You found it on level 5 of the Dungeon)

   A truly terrible weapon, it drains the life of those it strikes.
   It affects your strength (+3).
   It makes you vulnerable to fire.
   It insulates you from electricity.
   It protects you from poison.
Armour
 j - a +2 kite shield
 m - a +0 scale mail (worn)
 n - a +1 pair of boots (worn)
 w - a +2 pair of gloves
Jewellery
 u - a ring of resist corrosion (left claw)
 v - an uncursed ring of protection from fire
Wands
 p - a wand of random effects (14)
 x - a wand of paralysis (13)
Scrolls
 c - 3 scrolls of teleportation
 h - 6 scrolls of blinking
 i - a scroll of amnesia {unknown}
 o - 3 scrolls of magic mapping {unknown}
 s - 3 scrolls of enchant weapon {unknown}
 y - a scroll of fear {unknown}
 z - a scroll of enchant armour {unknown}
 A - a scroll of remove curse
Potions
 b - 3 potions of stabbing
 d - a potion of flight
 g - a potion of cancellation
 k - 2 potions of magic
 l - a potion of brilliance
 r - a potion of heal wounds {unknown}


   Skills:
 + Level 7.6 Fighting
 + Level 5.6 Armour
 + Level 6.3 Dodging
 - Level 2.1 Stealth
 + Level 7.6 Unarmed Combat


You had 8 spell levels left.
You didn't know any spells.
Your spell library contained the following spells:

 Spells                   Type           Power        Failure   Level
 Animate Skeleton         Necr           #.....       92%         1
 Apportation              Tloc           #.....       92%         1
 Corona                   Hex            #......      92%         1
 Summon Small Mammal      Summ           #...         92%         1
 Call Imp                 Summ           #.......     98%         2
 Call Canine Familiar     Summ           #.......     100%        3
 Summon Guardian Golem    Hex/Summ       #.......     100%        3
 Summon Ice Beast         Ice/Summ       #.......     100%        4
 Summon Lightning Spire   Summ/Air       #.......     100%        4


Dungeon Overview and Level Annotations

Branches:
Dungeon (9/15)             Temple (1/1) D:7
   Lair: D:8-11         Orc: D:9-12

Altars:
Ashenzari
Cheibriados
Dithmenos
Elyvilon
Fedhas
Gozag
Hepliaklqana
Kikubaaqudgha
Makhleb
Nemelex Xobeh
Okawaru
Qazlal
Ru
Sif Muna
Trog
Uskayaw
Vehumet
Wu Jian
Xom
Yredelemnul
Zin
The Shining One


Innate Abilities, Weirdness & Mutations

Your body is rotting away.
You thrive by killing the living.
You are immune to poison.
You have sharp fingernails.
Your flesh is cold resistant. (rC+)
You are immune to negative energy. (rN+++)
You do not regenerate when monsters are visible.
You are immune to unholy pain and torment.
You can survive without breathing.


Message History

Reactivating autopickup.
There is a stone staircase leading down here.
You feel better.
The warg bites you but does no damage. x2
The warg completely misses you.
It was a potion of cancellation.
Your magical effects are unravelling.
You feel magically purged.
Your magical contamination has completely faded away.
You flicker back into view.
The warg bites you but does no damage. x2
It was a potion of might.
You feel very mighty all of a sudden.
The warg bites you but does no damage. x2; The warg bites you!
* * * LOW HITPOINT WARNING * * *
Unknown command.
It was a potion of degeneration.
There was something very wrong with that liquid.
You feel weakened.
You feel dopey.
You feel clumsy. The warg bites you but does no damage. The warg bites you.
You die...

########.........#...#.....#..
#.........#...#.....#..
#..^......#...#.....#..
#.........#...#.....#..
#...[.....'...#.....#..
#######.........#...#.....#..
#.....#.........#...#.....#..
#.....#.....h...#...#.....###
#.....#.....@...#...#........
#.....#.....h...#...#........
#.....'.........#...#........
########.........#...#........
#................#...#........
#................#...#........
#................#...#........
#................#...#.....###
#......>.........#...#.....#..


You could see 2 wargs.

Vanquished Creatures
  Grinder (D:5)
  A hippogriff (D:7)
  Duvessa (D:5)
  An ice beast (D:7)
  An orc warrior (D:7)
  A necrophage (D:7)
  5 ogres
  A centaur (D:6)
  4 bullfrogs
  Dowan (D:5)
  A scorpion (D:7)
  A centaur zombie (D:6)
  8 orc wizards
  2 orc priests (D:9)
  4 hounds
  An iguana (D:4)
  Terence (D:3)
  4 worker ants
  2 hound skeletons
  5 adders
  2 howler monkey skeletons
  A white imp (D:5)
  An ufetubus (D:5)
  An adder zombie (D:9)
  An adder skeleton (D:4)
  A worm (D:3)
  2 dart slugs (D:2)
  2 leopard geckos
  29 orcs
  10 giant cockroaches
  7 goblins
  7 hobgoblins
  8 jackals
  4 quokkas
  2 ball pythons (D:6)
  6 bats
  2 frilled lizards
  7 kobolds
  A leopard gecko zombie (D:6)
  4 rats
144 creatures vanquished.

Notes
Turn   | Place    | Note
-------+----------+-------------------------------------------
     0 | D:1      | Borgoz the Ghoul Monk began the quest for the Orb.
     0 | D:1      | Reached XP level 1. HP: 19/19 MP: 0/0
   161 | D:1      | Reached XP level 2. HP: 23/26 MP: 1/1
   744 | D:1      | Reached skill level 1 in Armour
   749 | D:1      | Reached XP level 3. HP: 31/31 MP: 2/2
  1516 | D:2      | Found a glowing golden altar of the Shining One.
  1540 | D:2      | Found a hide-covered altar of Uskayaw.
  1838 | D:3      | Reached XP level 4. HP: 38/40 MP: 3/3
  1970 | D:3      | Noticed Terence
  1986 | D:3      | Killed Terence
  2155 | D:3      | Found an iron altar of Okawaru.
  2201 | D:3      | Found an ornate altar of the Wu Jian Council.
  2403 | D:4      | Found a hazy altar of Hepliaklqana.
  2422 | D:4      | Reached XP level 5. HP: 25/46 MP: 4/4
  2635 | D:4      | Found a shadowy altar of Dithmenos.
  2635 | D:4      | Noticed a shadow
  3101 | D:4      | Noticed an ogre
  3112 | D:4      | Killed an ogre
  3112 | D:4      | Reached XP level 6. HP: 38/53 MP: 5/5
  3399 | D:4      | Found a radiant altar of Vehumet.
  3623 | D:4      | Found an ancient bone altar of Kikubaaqudgha.
  4208 | D:5      | Entered Level 5 of the Dungeon
  4227 | D:5      | Reached skill level 5 in Fighting
  4227 | D:5      | Reached skill level 5 in Unarmed Combat
  4295 | D:5      | Noticed Dowan
  4312 | D:5      | Noticed Duvessa
  4328 | D:5      | Killed Duvessa
  4328 | D:5      | Reached XP level 7. HP: 33/61 MP: 6/6
  4333 | D:5      | Killed Dowan
  4911 | D:5      | Got an ancient scimitar
  4912 | D:5      | Identified the +0 scimitar of Beastly Purpose {drain, rElec
                  | rPois rF- Str+3} (You found it on level 5 of the Dungeon)
  5183 | D:5      | Found a hide-covered altar of Uskayaw.
  5209 | D:5      | Noticed Grinder
  5215 | D:5      | Paralysed by Grinder for 4 turns
  5224 | D:5      | Paralysed by Grinder for 5 turns
  5233 | D:5      | Killed Grinder
  5233 | D:5      | Reached XP level 8. HP: 62/70 MP: 7/7
  5424 | D:6      | Reached skill level 5 in Dodging
  5991 | D:6      | Found a bloodstained altar of Trog.
  6482 | D:7      | Found a staircase to the Ecumenical Temple.
  6503 | Temple   | Entered the Ecumenical Temple
  6514 | Temple   | Became a worshipper of Ashenzari the Shackled
  6514 | Temple   | Reached * piety under Ashenzari
  6514 | Temple   | Reached ** piety under Ashenzari
  6746 | D:7      | Found a snail-covered altar of Cheibriados.
  6847 | D:7      | HP: 2/71 [orc warrior/+0 glaive (6)]
  7170 | D:7      | Reached skill level 5 in Armour
  7170 | D:7      | Reached XP level 9. HP: 70/79 MP: 8/8
  7592 | D:7      | Found a white marble altar of Elyvilon.
  7737 | D:7      | Found a shimmering blue altar of Sif Muna.
  8768 | D:8      | HP: 3/79 [warg (8)]
  8769 | D:8      | Slain by a warg

Illustrated notes

Levels and vault maps discovered:
D:1:      psy_arrival_whirlpool, layout_basic
D:2:      layout_loops_ring, nicolae_overflow_hidden_temple
D:3:      layout_basic, nicolae_overflow_crystal_walls, lemuel_doored_altar,
          uniq_terence
D:4:      layout_layer_cave, riverfiend_overflow_shadow_ancestor,
          marbit_many_paths, vehumet_crystals, chequers_serial_rivers_room_b
D:5:      layout_loops_ring, lemuel_statue_altar, uniq_grinder, uniq_duvessa
D:6:      minmay_inner_zag, layout_loops_ring, lightli_temple_of_fire
D:7:      layout_loops_cross, led_sif_pool, elyvilon_altar_1,
          cheibriados_altar_1, minmay_temple_entry_statues_pillars
D:8:      layout_gridville
D:9:      layout_roguey, erik_orc_4, hangedman_abyss_or_decor_lesser_grid
Temple:   compressed_dpeg_circular_temple

Skill      XL: |  1  2  3  4  5  6  7  8  9 |
---------------+----------------------------+-----
Armour         | 1 2 3 4 5 |  5.6
Dodging        | 3 4 5 6 |  6.3
Fighting       | 4 5 6 7 |  7.6
Unarmed Combat | 4 5 6 7 |  7.6
Stealth        | |  2.1

Action                   |  1- 3 |  4- 6 |  7- 9 || total
-------------------------+-------+-------+-------++-------
Melee: Unarmed           |   105 |   136 |   378 ||   619
       Punch             |     1 |     3 |     8 ||    12
  Use: Scroll            |       |     6 |     2 ||     8
       Potion            |       |     1 |    12 ||    13
 Stab: Sleeping          |     6 |       |     3 ||     9
Armor: Robe              |    17 |       |       ||    17
       Ring mail         |     9 |     6 |       ||    15
       Scale mail        |       |    46 |   153 ||   199
Dodge: Dodged            |    50 |    68 |   249 ||   367

Table legend: (Time is in decaauts)
 A = Elapsed time spent in this place.
 B = Non-inter-level travel time spent in this place.
 C = Inter-level travel time spent in this place.
 D = Time resting spent in this place.
 E = Time spent auto-exploring this place.
 F = Levels seen in this place.
 G = Mean time per level.
                   A        B        C        D        E       F      G
               +--------+--------+--------+--------+--------+-----+--------+
         Total |   8712 |   8339 |    373 |   2516 |   4617 |  10 |  871.2 |
       Dungeon |   8614 |   8252 |    362 |   2516 |   4540 |   9 |  957.1 |
        Temple |     98 |     87 |     11 |      0 |     77 |   1 |   98.0 |
               +--------+--------+--------+--------+--------+-----+--------+

Top non-repeatable levels by time:
     D:4: 1731 daAuts
     D:7: 1275 daAuts
     D:5: 1149 daAuts
     D:6: 1071 daAuts
     D:1: 965 daAuts
     D:2: 875 daAuts
     D:8: 793 daAuts
     D:3: 628 daAuts
     D:9: 123 daAuts
  Temple: 98 daAuts
